 Dungeon Crawl Stone Soup version 0.31-a0-868-g674d60d6f7 (webtiles) character file.

Game seed: 8466131090952845180

408 MachoJfn the Chopper (level 6, -12/47 HPs)
             Began as a Demonspawn Gladiator on Oct 11, 2023.
             Was a Follower of Dithmenos.
             Mangled by Duvessa
             ... wielding a +0 rapier of distortion
              (24 damage)
             ... on level 5 of the Dungeon.
             The game lasted 00:09:55 (4172 turns).

MachoJfn the Chopper (Demonspawn Gladiator)         Turns: 4172, Time: 00:09:56

Health: -12/47     AC:  7    Str: 16    XL:     6   Next: 57%
Magic:  6/6        EV: 16    Int: 13    God:    Dithmenos [*.....]
Gold:   294        SH:  0    Dex: 14    Spells: 5/5 levels left

rFire   . . .        a - +0 war axe
rCold   . . .        (no shield)
rNeg    + . .        l - +3 leather armour "Qiba" {Int+3}
rPois   +            c - +0 helmet
rElec   .            (no cloak)
rCorr   .            (no gloves)
SInv    .            (no boots)
Will    .....        x - amulet of faith
Stlth   ++           p - ring of poison resistance
HPRegen 0.27/turn    v - ring of positive energy
MPRegen 0.10/turn

%: faith
@: wreathed by umbra
A: repulsion field 2, powered by pain 1
a: Renounce Religion


You were on level 5 of the Dungeon.
You worshipped Dithmenos.
Dithmenos was aware of your devotion.
You visited 2 branches of the dungeon, and saw 6 of its levels.

You collected 294 gold pieces.

Inventory:

Hand Weapons
 a - a +0 war axe (weapon)
Missiles
 d - 5 throwing nets (quivered)
 e - a javelin
 f - 42 stones
 k - 5 poisoned darts
 m - 2 curare-tipped darts
Armour
 c - a +0 helmet (worn)
 l - the +3 leather armour "Qiba" (worn) {Int+3}
   (You found it on level 2 of the Dungeon)

   Int+3:     It affects your intelligence (+3).
Jewellery
 p - a ring of poison resistance (left hand)
 v - a ring of positive energy (right hand)
 x - an amulet of faith (around neck)
Wands
 y - a wand of mindburst (13)
Scrolls
 h - a scroll of fog {unknown}
 j - a scroll of vulnerability {unknown}
 q - a scroll of teleportation
 r - a scroll of poison {unknown}
 t - a scroll of torment
 u - a scroll of blinking {unknown}
 w - a scroll of fear {unknown}
 A - a scroll of identify
Potions
 b - a potion of brilliance {unknown}
 g - 4 potions of enlightenment
 i - 3 potions of curing
 n - a potion of lignification {unknown}
 o - 2 potions of resistance
 s - a potion of berserk rage {unknown}
 z - a potion of heal wounds {unknown}


   Skills:
 + Level 3.3 Fighting
 + Level 5.2 Axes
 - Level 1.7 Throwing
 + Level 1.4 Armour
 + Level 3.7 Dodging
 + Level 1.3 Stealth


You had 5 spell levels left.
You didn't know any spells.
Your spell library contained the following spells:

 Spells                   Type           Power      Damage    Failure   Level
 Gell's Gravitas          Tloc           0%         N/A       75%         3
 Teleport Other           Tloc           0%         N/A       75%         3
 Dispersal                Tloc           0%         N/A       100%        6


Dungeon Overview and Level Annotations

Branches:
Dungeon (5/15)             Temple (1/1) D:4

Altars:
Ashenzari
Cheibriados
Dithmenos
Fedhas
Makhleb
Nemelex Xobeh
Sif Muna
Vehumet
Wu Jian
Xom
Yredelemnul

Shops:
D:2 :   D:4 ?

Annotations:
D:5 Dowan, Duvessa


Innate Abilities, Weirdness & Mutations

You are surrounded by a moderate repulsion field. (EV +3)
You sometimes gain a little power by taking damage.


Message History

Duvessa shouts!
You hear a shout!
You slash Duvessa!
Duvessa is moderately wounded.
Duvessa closely misses you.
You slash Duvessa!
Duvessa is heavily wounded.
Dowan, Brother of Duvessa comes into view.
He is wielding a +0 dagger.
Dowan gestures at you while chanting. The puff of flame hits you!
Duvessa hits you with a +0 rapier of distortion.
Space warps around you.
You closely miss Duvessa.
Duvessa is heavily wounded.
You closely miss Dowan. Duvessa misses you. Dowan misses you.
Unknown command.
You hit Duvessa.
Duvessa is heavily wounded.
You barely miss Dowan. Duvessa barely misses you.
Dowan says, "Magic and the sword, together, will defeat you."
Dowan misses you.
You closely miss Duvessa.
Duvessa is heavily wounded.
You closely miss Dowan. Duvessa barely misses you.
Dowan hits you but does no damage.
You slash Duvessa!
Duvessa is almost dead.
You closely miss Dowan.
Duvessa hits you with a +0 rapier of distortion!
Space warps around you. Dowan hits you but does no damage.
Duvessa completely misses you. Dowan hits you but does no damage.
You completely miss Dowan. You barely miss Duvessa.
Dowan gestures at Duvessa while chanting.
Duvessa seems to speed up.
Duvessa hits you with a +0 rapier of distortion.
Space warps around you.
* * * LOW HITPOINT WARNING * * *
You closely miss Dowan. You closely miss Duvessa.
Duvessa hits you but does no damage. Space warps horribly around you!!
Ouch! That really hurt!
You die...

#>#.#.#
#.#.#.#
#.#.#.#
#.#.#
#.#.#
#.#.#
#.#.#
#.# #@#
#.ee#
##+##


You could see Duvessa (fast) and Dowan.

Vanquished Creatures
  5 hounds
  2 iguanas
  Jessica (D:2)
  An orc wizard (D:3)
  Robin (D:4)
  2 adders
  A shadow imp (D:5)
  2 worms (D:2)
  4 dart slugs
  3 orcs (D:3)
  7 bats
  8 endoplasms
  4 giant cockroaches
  15 goblins
  10 hobgoblins
  10 jackals
  4 quokkas
  5 ball pythons
  4 frilled lizards
  3 goblin zombies (D:5)
  2 hobgoblin zombies (D:5)
  3 kobolds (D:3)
  2 kobold zombies (D:5)
  An orc skeleton (D:5)
  An orc zombie (D:5)
  2 rats
103 creatures vanquished.

Notes
Turn   | Place    | Note
-------+----------+-------------------------------------------
     0 | D:1      | MachoJfn the Demonspawn Gladiator began the quest for the
                  | Orb.
     0 | D:1      | Reached XP level 1. HP: 16/16 MP: 1/1
   235 | D:1      | Gained mutation: You sometimes gain a little power by
                  | taking damage. [demonic ancestry]
   235 | D:1      | Reached XP level 2. HP: 22/22 MP: 2/2
   313 | D:1      | Reached skill level 3 in Axes
   376 | D:1      | Found a faded altar of an unknown god.
   668 | D:1      | Reached XP level 3. HP: 27/27 MP: 3/3
  1196 | D:2      | Noticed Jessica
  1212 | D:2      | Killed Jessica
  1213 | D:2      | Reached skill level 1 in Stealth
  1213 | D:2      | Gained mutation: You are surrounded by a mild repulsion
                  | field. (EV +2) [demonic ancestry]
  1213 | D:2      | Reached XP level 4. HP: 17/34 MP: 4/4
  1459 | D:2      | Identified the +3 leather armour "Qiba" {Int+3}
  1618 | D:2      | Found Hasone's Book Boutique.
  1988 | D:3      | Reached skill level 4 in Axes
  2246 | D:3      | Gained mutation: You are surrounded by a moderate repulsion
                  | field. (EV +3) [demonic ancestry]
  2246 | D:3      | Reached XP level 5. HP: 37/39 MP: 5/5
  2714 | D:4      | Reached skill level 1 in Armour
  2740 | D:4      | Found a shimmering altar of Xom.
  2866 | D:4      | Found a staircase to the Ecumenical Temple.
  2879 | Temple   | Entered the Ecumenical Temple
  2926 | Temple   | Became a worshipper of Dithmenos the Shadowed
  3049 | D:4      | Noticed Robin
  3062 | D:4      | Killed Robin
  3063 | D:4      | Reached XP level 6. HP: 37/47 MP: 6/6
  3349 | D:4      | Found Athroipt's Magic Scroll Shop.
  3840 | D:5      | Entered Level 5 of the Dungeon
  3857 | D:5      | Reached skill level 5 in Axes
  3857 | D:5      | Reached * piety under Dithmenos
  4164 | D:5      | Noticed Duvessa
  4166 | D:5      | Noticed Dowan
  4172 | D:5      | Mangled by Duvessa

Illustrated notes

Levels and vault maps discovered:
D:1:      lightli_arrival_statuegarden, layout_basic, basic_ecumenical_altar
D:2:      layout_loops_corners, serial_shops, shop, grunt_decor_arrowhead,
          uniq_jessica
D:3:      layout_basic, nicolae_twisty_statue_hallways
D:4:      layout_gridville, mainiacjoe_overflow_cross_hatched, temple_statues,
          serial_shops, shop, uniq_robin
D:5:      layout_basic, nicolae_tso_besieged_by_evil,
          mainiacjoe_overflow_24_doors, kennysheep_generic_room_4, uniq_duvessa
Temple:   hellmonk_temple_flake

Skill      XL: |  1  2  3  4  5  6 |
---------------+-------------------+-----
Axes           | 3 4 5 |  5.2
Dodging        | 3 |  3.7
Stealth        | 1 |  1.3
Armour         | 1 |  1.4
Fighting       | 3 |  3.3
Throwing       | |  1.7

Action                     |  1- 3 |  4- 6 || total
---------------------------+-------+-------++-------
  Melee: War axe           |   104 |   253 ||   357
         Punch             |       |     2 ||     2
    Use: Scroll            |       |     7 ||     7
   Stab: Sleeping          |     3 |     3 ||     6
 Armour: Leather armour    |    71 |   124 ||   195
  Dodge: Dodged            |    92 |   248 ||   340

Table legend: (Time is in decaauts)
 A = Elapsed time spent in this place.
 B = Non-inter-level travel time spent in this place.
 C = Inter-level travel time spent in this place.
 D = Time resting spent in this place.
 E = Time spent auto-exploring this place.
 F = Levels seen in this place.
 G = Mean time per level.
                   A        B        C        D        E       F      G
               +--------+--------+--------+--------+--------+-----+--------+
         Total |   4277 |   3953 |    324 |    197 |   2696 |   6 |  712.8 |
       Dungeon |   4219 |   3948 |    271 |    197 |   2696 |   5 |  843.8 |
        Temple |     57 |      4 |     53 |      0 |      0 |   1 |   57.0 |
               +--------+--------+--------+--------+--------+-----+--------+

Top non-repeatable levels by time:
     D:4: 1219 daAuts
     D:2: 1060 daAuts
     D:1: 966 daAuts
     D:3: 633 daAuts
     D:5: 340 daAuts
  Temple: 57 daAuts
